 Dungeon Crawl Stone Soup version 0.31-a0-18-gea43df2a32 (webtiles) character file.

Game seed: 2185650100439761464

3110 Dittersdorf the Blocker (level 9, -2/59 HPs)
             Began as a Gargoyle Fighter on May 10, 2023.
             Was a Priest of Okawaru.
             Slain by a vampire
             ... wielding a +2 vampiric halberd
              (7 damage)
             ... in a bailey.
             The game lasted 00:10:17 (6207 turns).

Dittersdorf the Blocker (Gargoyle Fighter)          Turns: 6207, Time: 00:10:17

Health: -2/59      AC: 28    Str: 24    XL:     9   Next: 91%
Magic:  0/9        EV: 12    Int:  9    God:    Okawaru [***...]
Gold:   199        SH:  8    Dex: 19    Spells: 8/8 levels left

rFire   . . .        z - +2 morningstar (protect)
rCold   . . .        c - +0 buckler
rNeg    + + .        v - +0 chain mail
rPois   ∞            t - +1 helmet
rElec   +            g - +2 cloak of Vehumet's Benevolence {+Blink rN+ Dex+4}
rCorr   .            (no gloves)
SInv    .            j - +2 pair of boots
Will    .....        e - amulet of guardian spirit
Stlth   +            l - +6 ring of dexterity
HPRegen 0.29/turn    (no ring)
MPRegen 0.11/turn

%: guardian spirit
@: mighty, heroic
A: sickness immunity, AC +6, negative energy resistance 1, electricity
resistance, torment resistance 1, petrification resistance
a: Renounce Religion, Evoke Blink, Heroism


You were in a bailey.
You worshipped Okawaru.
Okawaru was most pleased with you.
You visited 2 branches of the dungeon, and saw 8 of its levels.
You also visited: Bailey.

You collected 269 gold pieces.
You spent 70 gold pieces at shops.

Inventory:

Hand Weapons
 z - a +2 morningstar of protection (weapon)
Missiles
 u - 15 poisoned darts (quivered)
Armour
 c - a +0 buckler (worn)
 g - the +2 cloak of Vehumet's Benevolence (worn) {+Blink rN+ Dex+4}
   (You found it on level 4 of the Dungeon)

   Dex:       It affects your dexterity (+4).
   rN:        It protects you from negative energy.
   +Blink:    It lets you blink.
 j - a +2 pair of boots (worn)
 t - a +1 helmet (worn)
 v - a +0 chain mail (worn)
Jewellery
 e - an amulet of guardian spirit (around neck)
 l - a +6 ring of dexterity (left hand)
 x - a ring of fire
 y - a ring of ice
Scrolls
 h - a scroll of magic mapping
 p - 5 scrolls of enchant armour
 w - a scroll of blinking
Potions
 a - a potion of invisibility {unknown}
 b - 2 potions of mutation
 d - 5 potions of might
 f - a potion of ambrosia
 i - 4 potions of heal wounds
 k - 2 potions of resistance {unknown}
 m - 3 potions of brilliance
 n - 5 potions of curing
 o - 5 potions of attraction {unknown}
 q - 2 potions of flight {unknown}
 s - a potion of lignification {unknown}


   Skills:
 + Level 8.1(13.1) Fighting
 + Level 7.1(12.1) Maces & Flails
 + Level 8.0(13.0) Armour
 + Level 8.1(13.1) Shields


You had 8 spell levels left.
You didn't know any spells.
Your spell library contained the following spells:

 Spells                   Type           Power      Damage    Failure   Level
 Freeze                   Ice            0%         1d3       86%         1
 Frozen Ramparts          Ice            0%         1d1       99%         3
 Hailstorm                Conj/Ice       0%         3d3       99%         3
 Stone Arrow              Conj/Erth      0%         3d7       99%         3
 Lehudib's Crystal Spear  Conj/Erth      0%         10d2      100%        8
 Animate Armour           Summ/Erth      Unusable   N/A       N/A         4

Dungeon Overview and Level Annotations

Branches:
Dungeon (7/15)             Temple (1/1) D:4          Bailey (1/1)

Altars:
Ashenzari
Cheibriados
Dithmenos
Elyvilon
Hepliaklqana
Kikubaaqudgha
Makhleb
Nemelex Xobeh
Okawaru
Qazlal
Ru
Sif Muna
Trog
Uskayaw
Vehumet
Wu Jian
Xom
Zin
The Shining One

Shops:
D:6 :((*[

Annotations:
D:5 2 transporters, BlasphemerAmon's ghost, novice DjTm


Innate Abilities, Weirdness & Mutations

You are immune to sickness and miasma.
Your stone body is resilient. (AC +6)
You are immune to poison.
You resist negative energy. (rN+)
You are resistant to electric shocks. (rElec)
You are resistant to unholy torment.
You are immune to petrification.


Message History

The vampire is lightly damaged.
The vampire hits you with a +2 vampiric halberd!
The vampire bites you but does no damage.
You bump into the stone wall.
The vampire gestures wildly while chanting.
The vampire flickers and vanishes!
Deactivating autopickup; reactivate with Ctrl-A.
You thump something! Something hits you! Something bites you.
Something hits you but does no damage. Something hits you.
Something bites you but does no damage.
You feel less confused. Something hits you.
Something hits you but does no damage. Something bites you.
You gain the combat prowess of a mighty hero.
You block something's attack. Something bites you but does no damage.
You hit something.
Your weapon exudes an aura of protection.
Something hits you. Something bites you but does no damage.
You barely miss something. Something hits you but does no damage.
Something bites you but does no damage.
You barely miss something. Something hits you!
* * * LOW HITPOINT WARNING * * *
Something barely misses you.
You barely miss something. Something hits you but does no damage.
Something bites you but does no damage.
You miss something. Something hits you.
* * * LOW HITPOINT WARNING * * *
Something bites you but does no damage.
You barely miss something. Something hits you.
* * * LOW HITPOINT WARNING * * *
Something bites you!
* * * LOW HITPOINT WARNING * * *
You feel much better. Something hits you but does no damage.
Something bites you but does no damage.
You feel very mighty all of a sudden. Something hits you but does no damage.
Something bites you but does no damage.
You closely miss something. Something hits you!
* * * LOW HITPOINT WARNING * * *
Something bites you!
You die...

##### #8[[.## ##
..[[## #8. #.{8#
#.. #@.# #..#
##..##########
#...##...#8......8#
#......##.......8#
##....##...#######
###''##...##.....#
#.........#......#
#8.......).......#
#########....#...#


There were no monsters in sight!

Vanquished Creatures
  A gargoyle (Bailey)
  Grinder (D:5)
  Prince Ribbit (D:6)
  Sigmund (D:4)
  Menkaure (D:4)
  Edmund (D:5)
  3 orc warriors (D:6)
  An ice beast (D:6)
  A black bear (D:3)
  2 centaurs
  An ogre (D:7)
  2 phantoms
  5 scorpions
  A bullfrog (D:4)
  A howler monkey (D:5)
  3 hounds
  A sleepcap (D:5)
  An orc priest (D:4)
  A jelly (D:5)
  Terence (D:3)
  Jessica (D:3)
  Natasha (thrice) (D:2)
  5 iguanas
  5 orc wizards
  Robin (D:2)
  7 adders
  2 white imps
  2 ufetubi (D:6)
  5 worms
  A dart slug (D:2)
  16 orcs
  3 ball pythons
  3 bats
  6 endoplasms
  A giant cockroach (D:2)
  14 goblins
  10 hobgoblins
  6 jackals
  5 quokkas
  3 frilled lizards
  5 kobolds
  6 orc zombies (Bailey)
  7 rats
147 creatures vanquished.

Notes
Turn   | Place    | Note
-------+----------+-------------------------------------------
     0 | D:1      | Dittersdorf the Gargoyle Fighter began the quest for the
                  | Orb.
     0 | D:1      | Reached XP level 1. HP: 14/14 MP: 1/1
   304 | D:1      | Found a faded altar of an unknown god.
   321 | D:1      | Reached XP level 2. HP: 1/19 MP: 2/2
   888 | D:2      | Noticed Natasha
   901 | D:2      | Killed Natasha
   902 | D:2      | Reached XP level 3. HP: 9/24 MP: 3/3
  1009 | D:2      | Reached XP level 4. HP: 28/29 MP: 4/4
  1122 | D:2      | Noticed Natasha
  1127 | D:2      | Killed Natasha
  1180 | D:2      | Noticed Natasha
  1197 | D:2      | Killed Natasha
  1198 | D:2      | Reached XP level 5. HP: 21/33 MP: 5/5
  1305 | D:2      | Noticed Robin
  1352 | D:2      | HP: 1/33 [goblin/+0 club[Robin] (3)]
  1605 | D:2      | Killed Robin
  2387 | D:3      | Noticed Jessica
  2391 | D:3      | Killed Jessica
  2437 | D:3      | Noticed Terence
  2449 | D:3      | Killed Terence
  2450 | D:3      | Reached XP level 6. HP: 38/39 MP: 6/6
  2463 | D:3      | Found a glowing silver altar of Zin.
  3170 | D:4      | Identified a scroll of acquirement
  3170 | D:4      | Acquired an amulet of guardian spirit
  3189 | D:4      | Noticed a black bear
  3206 | D:3      | Killed a black bear
  3436 | D:4      | Found a staircase to the Ecumenical Temple.
  3515 | Temple   | Entered the Ecumenical Temple
  3522 | Temple   | Became a worshipper of Warmaster Okawaru
  3665 | D:4      | Reached skill level 5 in Fighting
  3665 | D:4      | Reached skill level 5 in Armour
  3665 | D:4      | Reached skill level 5 in Shields
  3665 | D:4      | Reached XP level 7. HP: 38/44 MP: 7/7
  3790 | D:4      | Identified the +2 cloak of Vehumet's Benevolence {+Blink
                  | rN+ Dex+4}
  3827 | D:4      | Noticed Menkaure
  3849 | D:4      | Killed Menkaure
  3966 | D:4      | Noticed Sigmund
  3980 | D:4      | Killed Sigmund
  3980 | D:4      | Reached * piety under Okawaru
  4222 | D:5      | Entered Level 5 of the Dungeon
  4235 | D:5      | Reached XP level 8. HP: 51/51 MP: 8/8
  4235 | D:5      | Found a transporter.
  4300 | D:5      | Found a shimmering blue altar of Sif Muna.
  4414 | D:5      | Noticed Grinder
  4426 | D:5      | Killed Grinder
  4427 | D:5      | Reached skill level 5 in Maces & Flails
  4486 | D:5      | Found an ancient bone altar of Kikubaaqudgha.
  4772 | D:5      | Found a transporter.
  4772 | D:5      | Noticed BlasphemerAmon's ghost (novice DjTm)
  4813 | D:5      | Reached ** piety under Okawaru
  5049 | D:6      | Noticed Edmund
  5189 | D:5      | Killed Edmund
  5257 | D:6      | Reached XP level 9. HP: 46/57 MP: 6/9
  5364 | D:6      | Found Ezydgh's Book Shop.
  5421 | D:6      | Found a glowing golden altar of the Shining One.
  5473 | D:6      | Noticed Prince Ribbit
  5507 | D:6      | Killed Prince Ribbit
  5563 | D:6      | Found Cossox's Armour Boutique.
  5651 | D:6      | Reached *** piety under Okawaru
  5737 | D:6      | Found Fucoproo's Antique Weapon Shoppe.
  5738 | D:6      | Found Jaokeic's General Store.
  5750 | D:6      | Bought a potion of heal wounds for 70 gold pieces
  5807 | D:6      | Found Pagreilo's Antique Weapon Boutique.
  5964 | D:7      | Found a flagged portal.
  6001 | D:7      | Identified the +5 halberd of Virtue {flame, Dex+6}
  6004 | Bailey   | Entered a bailey
  6133 | Bailey   | Noticed a gargoyle
  6150 | Bailey   | Killed a gargoyle
  6184 | Bailey   | Found the +3 pair of seven-league boots {Rampage+∞}
  6207 | Bailey   | Slain by a vampire

Illustrated notes

Levels and vault maps discovered:
D:1:      dpeg_arrival_water_temple_mockup, layout_basic,
          chequers_ecumenical_altar_simple
D:2:      minmay_recursive_quarters, layout_loops_corners, minmay_crystal_water,
          dk_vineyard_1, hangedman_glass_teeth, minmay_splitting_lines,
          uniq_natasha, uniq_robin
D:3:      layout_basic, amcnicky_altar_gilded, uniq_terence, uniq_jessica
D:4:      layout_loops_cross, minmay_temple_entry_proselytizer, uniq_menkaure,
          uniq_sigmund
D:5:      layout_basic, mainiacjoe_overflow_small_starburst,
          mainiacjoe_overflow_paths, gammafunk_ghost_mausoleum,
          nrook_mini_vaults, uniq_grinder
D:6:      layout_rooms, old_standard_altar, serial_shops, shop, shop,
          nicolae_shop_waterfront, nicolae_shop_pleasant_corner_grove,
          nicolae_shop_getting_attention, corner_web_ring, uniq_prince_ribbit1,
          uniq_edmund
D:7:      layout_loops_ring, enter_bailey_2
Temple:   nicolae_temple_no_exploring_needed
Bailey:   bailey_polearm_vampire_castle_hellmonk, bailey

Skill      XL: |  1  2  3  4  5  6  7  8  9 |
---------------+----------------------------+-----
Fighting       | 4 5 7 8 |  8.1
Armour         | 4 5 6 8 |  8.0
Shields        | 4 5 7 8 |  8.1
Maces & Flails | 3 4 6 7 |  7.1

Action                     |  1- 3 |  4- 6 |  7- 9 || total
---------------------------+-------+-------+-------++-------
  Melee: Flail             |   100 |   229 |   296 ||   625
         Unarmed           |       |       |     4 ||     4
         Morningstar       |       |       |    12 ||    12
  Throw: Dart              |       |       |    21 ||    21
 Invoke: Heroism           |       |       |     2 ||     2
    Use: Scroll            |       |    13 |     2 ||    15
         Potion            |       |       |     2 ||     2
   Stab: Confused          |       |       |     1 ||     1
 Armour: Scale mail        |    62 |   143 |       ||   205
         Chain mail        |       |    73 |   250 ||   323
         Skin              |       |       |     2 ||     2
  Dodge: Dodged            |    45 |   149 |   110 ||   304
  Block: Buckler           |    19 |    81 |   105 ||   205

Table legend: (Time is in decaauts)
 A = Elapsed time spent in this place.
 B = Non-inter-level travel time spent in this place.
 C = Inter-level travel time spent in this place.
 D = Time resting spent in this place.
 E = Time spent auto-exploring this place.
 F = Levels seen in this place.
 G = Mean time per level.
                   A        B        C        D        E       F      G
               +--------+--------+--------+--------+--------+-----+--------+
         Total |   6353 |   6178 |    175 |    741 |   3846 |   9 |  705.9 |
       Dungeon |   6136 |   5973 |    163 |    736 |   3747 |   7 |  876.6 |
        Temple |     14 |      2 |     12 |      0 |      0 |   1 |   14.0 |
        Bailey |    202 |    202 |      0 |      5 |     99 |   1 |  202.0 |
               +--------+--------+--------+--------+--------+-----+--------+

Top non-repeatable levels by time:
     D:2: 1578 daAuts
     D:4: 1065 daAuts
     D:5: 989 daAuts
     D:1: 872 daAuts
     D:3: 804 daAuts
     D:6: 780 daAuts
  Bailey: 202 daAuts
     D:7: 45 daAuts
  Temple: 14 daAuts
